 Dungeon Crawl Stone Soup version 0.17-a0-1504-gb7d9117 (webtiles) character file.

101 urechis the Cudgeler (level 4, -4/44 HPs)
             Began as an Ogre Gladiator on July 9, 2015.
             Slain by Sigmund
             ... wielding a +0 scythe
              (7 damage)
             ... on level 3 of the Dungeon.
             The game lasted 00:04:37 (1484 turns).

urechis the Cudgeler (Ogre Gladiator)               Turns: 1484, Time: 00:04:37

Health: -4/44      AC:  3    Str: 21    XL:     4   Next: 75%
Magic:  4/4        EV: 10    Int:  7    God:
Gold:   76         SH:  0    Dex: 10    Spells: 0 memorised, 3 levels left

rFire  . . .     SeeInvis .     a - +0 flail
rCold  . . .     Clarity  .     b - +0 robe
rNeg   . . .     SustAt   .     (no shield)
rPois  .         Gourm    .     (helmet restricted)
rElec  .         Spirit   .     (no cloak)
rCorr  .         Warding  .     (gloves unavailable)
rMut   .         Stasis   .     (boots unavailable)
MR     .....                    (no amulet)
Stlth  +.........               (no ring)
                                (no ring)

@: confused, not resistant to hostile enchantments, very unstealthy
A: unfitting armour, tough skin 1
a: no special abilities


You were on level 3 of the Dungeon.
You were very hungry.

You visited 1 branch of the dungeon, and saw 3 of its levels.

You collected 76 gold pieces.

Inventory:

Hand weapons
 a - a +0 flail (weapon)
Missiles
 e - 2 throwing nets (quivered)
Armour
 b - a +0 robe (worn)
Scrolls
 c - 3 scrolls of teleportation {unknown}
 f - 5 scrolls of identify {unknown}
 g - a scroll of remove curse {unknown}
 i - a scroll of recharging {unknown}
 j - 2 scrolls of magic mapping {unknown}
 l - a scroll of enchant armour {unknown}
Potions
 h - a potion of agility {unknown}
 k - a potion of lignification {unknown}
 m - a potion of mutation {unknown}
Comestibles
 d - a bread ration


   Skills:
 - Level 2.6 Fighting
 + Level 7.0 Maces & Flails
 - Level 2.1 Throwing
 - Level 2.6 Dodging


You had 3 spell levels left.
You didn't know any spells.

Dungeon Overview and Level Annotations

Branches:
Dungeon (3/15)

Altars:
Dithmenos
Makhleb
Qazlal

Annotations:
D:3 Sigmund


Innate Abilities, Weirdness & Mutations

You are too large for most types of armour.
You have tough skin (AC +1).


Message History

You are more confused.
You bump into the rock wall.
Sigmund zaps a wand.
You are more confused.
You hit Sigmund.
Sigmund is severely wounded.
Sigmund casts a spell at you. You resist with some effort.
Sigmund zaps a wand.
You are more confused.
You are too injured to fight recklessly!
Found a hunting sling.
Sigmund zaps a wand.
You are more confused.
You miss Sigmund.
Sigmund is severely wounded.
Sigmund hits you with a scythe!
* * * LOW HITPOINT WARNING * * *
Sigmund zaps a wand.
You resist with some effort. Sigmund hits you with a scythe!
You die...

### ..........
.......#.# ####
.......#.# ... #
.......#.##.# .#
.......#<...# ...
....(..#.#..# ....
......?#†#..#....)
###.#†@....#....
........@.........
#####.#...#######.
#.#...# .......
##.......
#........
#..........
#.........


You could see Sigmund.

Vanquished Creatures
  Natasha (D:2)
  2 adders (D:2)
  3 oozes
  A giant gecko (D:2)
  A ball python (D:1)
  A giant cockroach (D:1)
  5 hobgoblins
  7 jackals
  6 kobolds
  A quokka (D:2)
  6 bats
  3 giant newts (D:1)
  3 goblins
  4 rats
  A plant (D:1)
45 creatures vanquished.

Notes
Turn   | Place    | Note
--------------------------------------------------------------
     0 | D:1      | urechis the Ogre Gladiator began the quest for the Orb.
     0 | D:1      | Reached XP level 1. HP: 22/22 MP: 1/1
   127 | D:1      | Reached XP level 2. HP: 14/29 MP: 2/2
   284 | D:1      | Reached skill level 5 in Maces & Flails
   580 | D:2      | Reached XP level 3. HP: 34/36 MP: 3/3
   698 | D:2      | Found a stormy altar of Qazlal.
   699 | D:2      | Noticed Jessica
  1061 | D:2      | Noticed Natasha
  1070 | D:2      | Killed Natasha
  1070 | D:2      | Reached skill level 6 in Maces & Flails
  1070 | D:2      | Reached XP level 4. HP: 40/44 MP: 4/4
  1133 | D:2      | Found a burning altar of Makhleb.
  1135 | D:2      | Noticed a balrug
  1163 | D:2      | Found a shadowy altar of Dithmenos.
  1443 | D:3      | Reached skill level 7 in Maces & Flails
  1446 | D:3      | Noticed Sigmund
  1484 | D:3      | Slain by Sigmund

Vault maps used:
D:1:      denvon_arrival_planthouse
D:2:      makhleb_altar_promises_db, grunt_qazlal_sundering,
          nicolae_dithmenos_shadow_blocks, moated_statue,
          kennysheep_decorative_pillar, uniq_jessica, uniq_natasha
D:3:      lemuel_coloured_pillars_altar, first_bread, ecumenical_altar_2,
          uniq_sigmund

Action                   |  1- 3 |  4- 6 || total
-------------------------+-------+-------++-------
Melee: Flail             |   118 |    56 ||   174
Throw: Throwing net      |       |     1 ||     1
 Stab: Held in net/web   |       |     1 ||     1
  Eat: Chunk             |     1 |       ||     1
